 Dungeon Crawl Stone Soup version 0.29.1-1-gd02db6906a (webtiles) character file.

Game seed: 2435280658358762782

0 DemonSlayer the Firebug (level 1, -3/13 HPs)
             Began as a Demonspawn Fire Elementalist on Oct 20, 2022.
             Slain by a gnoll
             ... wielding a +0 club
              (5 damage)
             ... on level 1 of the Dungeon.
             The game lasted 00:00:28 (42 turns).

DemonSlayer the Firebug (DsFE)                        Turns: 42, Time: 00:00:29

Health: -3/13      AC:  2    Str:  8    XL:     1   Next: 8%
Magic:  1/3        EV: 12    Int: 16    God:
Gold:   0          SH:  0    Dex: 13    Spells: 3/4 levels left

rFire   . . .      SeeInvis .   (no weapon)
rCold   . . .      Faith    .   (no shield)
rNeg    . . .      Spirit   .   a - +0 robe
rPois   .          Reflect  .   (no helmet)
rElec   .          Harm     .   (no cloak)
rCorr   .          Rampage  .   (no gloves)
Will    .....                   (no boots)
Stlth   ++........              (no amulet)
HPRegen 0.04/turn               (no ring)
MPRegen 0.08/turn               (no ring)

@: no status effects
A: no striking features
a: no special abilities


You were on level 1 of the Dungeon.
You visited 1 branch of the dungeon, and saw 1 of its levels.

Inventory:

Armour
 a - a +0 robe (worn)


   Skills:
 + Level 1.7 Dodging
 + Level 1.7 Stealth
 + Level 2.0 Spellcasting
 + Level 1.0 Conjurations
 + Level 2.7 Fire Magic


You had 3 spell levels left.
You knew the following spells:

 Your Spells              Type           Power      Damage    Failure   Level
a - Foxfire               Conj/Fire      28%        2x1d5     10%         1

Your spell library contained the following spells:

 Spells                   Type           Power      Damage    Failure   Level
 Scorch                   Fire           20%        2d6       11%         2
 Conjure Flame            Conj/Fire      7%         6-21      28%         3
 Inner Flame              Hex/Fire       5%         N/A       34%         3
 Flame Wave               Conj/Fire      7%         2d5       67%         4


Dungeon Overview and Level Annotations

Branches:
Dungeon (1/15)

Altars:


Message History

There are monsters nearby!
There are monsters nearby!
You conjure some foxfire!
You conjure some foxfire!
The foxfire hits the ball python.
You kill the ball python!
You conjure some foxfire!
The foxfire hits the gnoll but does no damage. x2
The foxfire hits the gnoll.
The gnoll is moderately wounded.
You are out of magic!
The foxfire hits the gnoll but does no damage.
The gnoll is moderately wounded.
The foxfire hits the gnoll.
The gnoll is heavily wounded.
Magic courses through your body.
You miscast Foxfire.
You are very lightly contaminated with residual magic.
Nothing appears to happen.
You conjure some foxfire!
The gnoll misses you.
You conjure some foxfire!
The foxfire hits the gnoll.
The gnoll is severely wounded.
The foxfire hits the gnoll.
The gnoll is almost dead.
The gnoll hits you with a +0 club.
Your foxfire dissipates!
The foxfire hits the hobgoblin but does no damage.
The gnoll hits you with a +0 club.
A quokka comes into view.
The hobgoblin barely misses you. The gnoll attacks as you move away!
The gnoll barely misses you.
Your magical contamination has completely faded away.
The hobgoblin attacks as you move away! The hobgoblin hits you.
The gnoll barely misses you. The gnoll attacks as you move away!
The gnoll closely misses you. The hobgoblin attacks as you move away!
The hobgoblin misses you. The gnoll attacks as you move away!
The gnoll misses you. The gnoll attacks as you move away!
The gnoll hits you with a +0 club.
* * * LOW HITPOINT WARNING * * *
The gnoll attacks as you move away! The gnoll hits you with a +0 club.
You die...

..#..........# ##
#..#+#######.## ..
#.....#####..#.###
#......##........#
#......#.......#.#
#......#r....###
#......g.#####
#.....g###
#.....@######
###+##.##...#
#.....#.#.#
###.....#.#
#.#.#.#<#
.......#>#
#...#.#.#.#
.....#.#.###
#.#.....###


You could see a gnoll, a quokka and a hobgoblin.

Vanquished Creatures
  A ball python (D:1)
1 creature vanquished.

Vanquished Creatures (others)
  9 foxfires (D:1)
9 creatures vanquished.

Grand Total: 10 creatures vanquished

Notes
Turn   | Place    | Note
-------+----------+-------------------------------------------
     0 | D:1      | DemonSlayer the Demonspawn Fire Elementalist began the
                  | quest for the Orb.
     0 | D:1      | Reached XP level 1. HP: 13/13 MP: 3/3
    42 | D:1      | Slain by a gnoll

Illustrated notes

Levels and vault maps discovered:
D:1:      dpeg_arrival_tiny_i, layout_basic, minmay_cut_off

Action                   || total
-------------------------++-------
 Cast: Foxfire           ||     5
  Use: Potion            ||     1
Dodge: Dodged            ||     7
